 Dungeon Crawl Stone Soup version 0.27.1-4-g1640c2035a (webtiles) character file.

Game seed: 11974561108793866654

19 Crownlay the Digger (level 2, -3/15 HPs)
             Began as a Gargoyle Earth Elementalist on Nov 6, 2021.
             Slain by a worm (9 damage)
             ... on level 2 of the Dungeon.
             The game lasted 00:02:05 (815 turns).

Crownlay the Digger (Gargoyle Earth Elementalist)    Turns: 815, Time: 00:02:06

Health: -3/15      AC:  5    Str: 11    XL:     2   Next: 75%
Magic:  4/5        EV: 11    Int: 15    God:
Gold:   13         SH:  0    Dex: 10    Spells: 5/6 levels left

rFire    . . .     SeeInvis .   a - +0 hand axe
rCold    . . .     Faith    .   (no shield)
rNeg     + . .     Spirit   .   b - +0 robe
rPois    ∞         Reflect  .   d - +1 hat
rElec    +         Harm     .   (no cloak)
rCorr    .         Rampage  .   (no gloves)
Will     .....                  (no boots)
Stlth    ++........             (no amulet)
HPRegen  0.05/turn              (no ring)
MPRegen  0.09/turn              (no ring)

@: no status effects
A: sickness immunity, AC +2, negative energy resistance 1, electricity
resistance, torment resistance 1, petrification resistance
a: no special abilities


You were on level 2 of the Dungeon.
You visited 1 branch of the dungeon, and saw 2 of its levels.

You collected 13 gold pieces.

Inventory:

Hand Weapons
 a - a +0 hand axe (weapon)
Missiles
 c - 43 stones
Armour
 b - a +0 robe (worn)
 d - a +1 hat (worn)
Scrolls
 f - a scroll of fog {unknown}
Potions
 e - 2 potions of heal wounds {unknown}


   Skills:
 - Level 1.5 Dodging
 - Level 2.1 Stealth
 * Level 2.7 Spellcasting
 - Level 0.7 Transmutations
 + Level 4.0 Earth Magic


You had 5 spell levels left.
You knew the following spells:

 Your Spells              Type           Power      Damage    Failure   Level
a - Sandblast             Erth           28%        2d8       3%          1

Your spell library contained the following spells:

 Spells                   Type           Power      Damage    Failure   Level
 Passwall                 Tmut/Erth      7%         N/A       12%         2
 Stone Arrow              Conj/Erth      16%        3d8       26%         3
 Petrify                  Tmut/Erth      9%         N/A       61%         4


Dungeon Overview and Level Annotations

Branches:
Dungeon (2/15)

Altars:


Innate Abilities, Weirdness & Mutations

You are immune to sickness and miasma.
Your stone body is resilient. (AC +2)
You are immune to poison.
You resist negative energy. (rN+)
You are resistant to electric shocks. (rElec)
You are resistant to unholy torment.
You are immune to petrification.


Message History

No target in view!
A kobold comes into view. It is wielding a +0 short sword.
The kobold shouts!
You can't see any susceptible monsters within range! (Use Z to cast anyway.)
The blast of sand misses the kobold.
A kobold is nearby!
The blast of sand hits the kobold!
You kill the kobold!
Magic restored.
Things that are here:
a +0 short sword; a kobold corpse
Found an escape hatch in the ceiling.
Found a scroll labelled DEVVAC QA QOUTSUFU.
Found a stone staircase leading down.
There is an escape hatch in the ceiling here.
f - a scroll labelled DEVVAC QA QOUTSUFU
There is a stone staircase leading down here.
Found a stone staircase leading up.
A worm comes into view.
Found a runed garnet amulet and 16 gold pieces.
Found a stone staircase leading up.
No target in view!
No target in view!
No target in view!
No target in view!
You hit the worm but do no damage. The worm bites you!
Ouch! That really hurt!
You are too injured to fight recklessly!
You are too injured to fight recklessly!
You are too injured to fight recklessly!
Casting: Sandblast (safe; 3% risk of failure)
Confirm with . or Enter, or press ? or * to list all spells.
Aiming: Sandblast (safe; 3% risk of failure)
Press: ? - help, Shift-Dir - straight line, f - worm
Aim: a worm (93% to hit)
The blast of sand hits the worm!
The worm is heavily wounded.
The worm bites you!
Ouch! That really hurt!
You die...

######.#.....#
#.###.#####
#.......<.##
#..........#
#.###.###..# #.#
#.###..####### #.#
#............# ..#
##..#..#####.# #.#
#.#.#.#@#
..........w......#
.#.#<#.#.#.#.##
.....".$....
#.#.#.#.# #.#
###.##### #.# # .#
#


You could see a worm.

Vanquished Creatures
  2 ball pythons (D:2)
  An endoplasm (D:1)
  5 goblins
  3 hobgoblins
  A kobold (D:2)
  4 bats
16 creatures vanquished.

Notes
Turn   | Place    | Note
-------+----------+-------------------------------------------
     0 | D:1      | Crownlay the Gargoyle Earth Elementalist began the quest
                  | for the Orb.
     0 | D:1      | Reached XP level 1. HP: 10/10 MP: 3/3
   382 | D:1      | Reached XP level 2. HP: 15/15 MP: 5/5
   570 | D:1      | You fall into a shaft and drop 1 floor!
   676 | D:2      | Reached skill level 4 in Earth Magic
   815 | D:2      | Slain by a worm

Illustrated notes

Levels and vault maps discovered:
D:1:      psy_arrival_heroes, layout_loops_ring,
          hellmonk_ecumenical_altar_lost_god
D:2:      layout_loops_ring, st_stairs_13, hangedman_decor_slide_cut,
          minmay_goblin_outpost, uniq_robin

Skill      XL: |  1  2 |
---------------+-------+-----
Earth Magic    | 4 |  4.0
Dodging        | |  1.5
Stealth        | |  2.1
Spellcasting   | |  2.7
Transmutations | |  0.7

Action                   || total
-------------------------++-------
Melee: Hand axe          ||    36
 Cast: Sandblast         ||     5
Armor: Robe              ||    12
Dodge: Dodged            ||    32
